 Dungeon Crawl Stone Soup version 0.18.1-6-gd335043 (webtiles) character file.

427 Krapule the Bolt Thrower (level 6, -2/82 HPs)
             Began as a Minotaur Hunter on May 16, 2016.
             Slain by an ice beast (13 damage)
             ... on level 5 of the Dungeon.
             The game lasted 00:11:57 (3452 turns).

Krapule the Bolt Thrower (Minotaur Hunter)          Turns: 3452, Time: 00:11:58

Health: -2/82      AC: 24    Str: 14 (17) XL:     6   Next: 65%
Magic:  5/5        EV:  2    Int:  7 (8)  God:
Gold:   240        SH:  0    Dex: 12 (14) Spells: 0 memorised, 5 levels left

rFire  . . .     SeeInvis .     b - +0 halberd (freeze)
rCold  . . .     Gourm    .     (armour currently unavailable)
rNeg   + + +     Faith    .     (shield currently unavailable)
rPois  +         Spirit   .     (helmet currently unavailable)
rElec  .         Dismiss  .     (cloak currently unavailable)
rCorr  .         Reflect  .     (gloves currently unavailable)
SustAt .         Harm     .     (boots currently unavailable)
MR     .....     NoTele   +     (no amulet)
Stlth  ++........               n - +1 ring of protection
                                k - +2 ring of dexterity

@: tree-form, not resistant to hostile enchantments, unstealthy
A: (retaliatory headbutt), (horns 0)
a: no special abilities


You were on level 5 of the Dungeon.
You were hungry.
You were a tree.
You visited 1 branch of the dungeon, and saw 5 of its levels.

You collected 240 gold pieces.

Inventory:

Hand Weapons
 a - a +1 hand crossbow
 b - a +0 halberd of freezing (weapon)
Missiles
 d - 20 bolts
Armour
 c - a +0 leather armour
 B - a +1 scale mail (melded)
Jewellery
 g - an uncursed ring of ice
 k - a +2 ring of dexterity (left branch)
 n - a +1 ring of protection (right branch)
 o - an uncursed ring of see invisible
 y - an uncursed ring of stealth {unknown}
Scrolls
 j - a scroll of recharging {unknown}
 p - a scroll of identify
 s - 2 scrolls of enchant armour
 w - a scroll of teleportation
 x - a scroll of remove curse
Potions
 e - 2 potions of agility
 h - 2 potions of berserk rage
 m - a potion of resistance {unknown}
Books
 C - a book of Debilitation

   Spells                             Type                      Level
   a - Corona                         Hexes                        1
   b - Slow                           Hexes                        2
   c - Gell's Gravitas                Hexes/Translocation          3
   d - Inner Flame                    Hexes/Fire                   3
   e - Cause Fear                     Hexes                        4
   f - Leda's Liquefaction            Hexes/Earth                  4
Comestibles
 f - 4 bread rations
 l - 2 meat rations


   Skills:
 + Level 4.8 Fighting
 + Level 5.7 Crossbows
 + Level 3.2 Armour
 + Level 4.0 Dodging
 - Level 2.0 Stealth


You had 5 spell levels left.
You didn't know any spells.

Dungeon Overview and Level Annotations

Branches:
Dungeon (5/15)
 Temple: D:4-7

Altars:
Cheibriados
Elyvilon
Fedhas
Gozag
Kikubaaqudgha
Makhleb
Pakellas


Innate Abilities, Weirdness & Mutations

((You reflexively headbutt those who attack you in melee.))
((You have a pair of horns on your head.))


Message History

The ice beast freezes you.
* * * LOW HITPOINT WARNING * * *
You are too injured to fight recklessly!
Drink which item? (? for menu, Esc to quit)
You turn into a tree.
Your +1 scale mail melds into your body.
Your roots penetrate the ground.
The ice beast hits you but does no damage.
You are too injured to fight recklessly!
You are too injured to fight recklessly!
You are too injured to fight recklessly!
You are too injured to fight recklessly!
You are too injured to fight recklessly!
You are too injured to fight recklessly!
You hit the ice beast but do no damage.
The ice beast is lightly wounded.
The ice beast hits you.
* * * LOW HITPOINT WARNING * * *
The ice beast freezes you!
You die...

#.#......>......##.#
#.#.#........####
#.#'#.####...#
#####.....#<.....#
....'.....####...#####
#####................#
......#.#######..###.#
......#..............#
......##########♣#####
......# #Y# .<.)..#
#a....... #'#.#.#
##....... #.#.#.#
....... ..#.#.#
....... ###.#.#
#...... ....#.# ..#...
#####.# #.#...


You could see an ice beast and a worker ant.

Vanquished Creatures
  A giant frog (D:5)
  An orc priest (D:4)
  A hound (D:4)
  3 worker ants (D:4)
  3 gnolls (D:4)
  7 adders
  A shadow imp (D:5)
  4 oozes
  2 worms
  3 dart slugs
  4 giant geckos
  11 orcs
  7 giant cockroaches
  9 goblins
  7 hobgoblins
  3 kobolds
  4 quokkas
  2 ball pythons
  8 bats
  4 giant newts
  13 rats
98 creatures vanquished.

Notes
Turn   | Place    | Note
--------------------------------------------------------------
     0 | D:1      | Krapule the Minotaur Hunter began the quest for the Orb.
     0 | D:1      | Reached XP level 1. HP: 18/18 MP: 0/0
   160 | D:1      | Reached skill level 1 in Armour
   160 | D:1      | Reached XP level 2. HP: 24/25 MP: 1/1
   239 | D:1      | Reached skill level 1 in Stealth
   715 | D:2      | Reached XP level 3. HP: 30/30 MP: 2/2
   984 | D:2      | Reached XP level 4. HP: 37/38 MP: 3/3
  1566 | D:3      | Reached skill level 5 in Crossbows
  1624 | D:3      | Found a burning altar of Makhleb.
  1990 | D:3      | Reached XP level 5. HP: 46/46 MP: 4/4
  2544 | D:4      | Reached XP level 6. HP: 23/53 MP: 5/5
  3036 | D:4      | Found a snail-covered altar of Cheibriados.
  3042 | D:4      | Found a white marble altar of Elyvilon.
  3042 | D:4      | Found an opulent altar of Gozag.
  3050 | D:4      | Found a blossoming altar of Fedhas.
  3053 | D:4      | Found an ancient bone altar of Kikubaaqudgha.
  3166 | D:4      | Found an oddly glowing altar of Pakellas.
  3341 | D:5      | Entered Level 5 of the Dungeon
  3436 | D:5      | Noticed an ice beast
  3452 | D:5      | Slain by an ice beast

Skill      XL: |  1  2  3  4  5  6 |
---------------+-------------------+-----
Armour         | 1 2 3 |  3.2
Stealth        | 1 2 |  2.0
Fighting       | 3 4 |  4.8
Crossbows      | 5 |  5.7
Dodging        | 3 4 |  4.0

Action                   |  1- 3 |  4- 6 || total
-------------------------+-------+-------++-------
Melee: Short sword       |    82 |     3 ||    85
       Headbutt          |    12 |    17 ||    29
       War axe           |       |    64 ||    64
       Halberd           |       |    69 ||    69
  Use: Scroll            |       |     7 ||     7
       Potion            |       |     7 ||     7
 Stab: Sleeping          |     1 |     8 ||     9
       Distracted        |       |     2 ||     2
  Eat: Chunk             |       |     7 ||     7
       Beef jerky        |       |     1 ||     1
Armor: Leather armour    |    26 |    24 ||    50
       Scale mail        |       |    10 ||    10
       Skin              |       |     1 ||     1
Dodge: Dodged            |    50 |   114 ||   164
